 Dungeon Crawl Stone Soup version 0.25-a0-513-ge77a692 (webtiles) character file.

Game seed: 1426308524761424777, levelgen mode: deterministic

343 wolfsongas the Skirmisher (level 6, -4/52 HPs)
             Began as a Formicid Gladiator on Feb 15, 2020.
             Was a Follower of Uskayaw.
             Slain by a phantom (6 damage)
             ... on level 4 of the Dungeon.
             The game lasted 00:08:26 (3515 turns).

wolfsongas the Skirmisher (Formicid Gladiator)      Turns: 3515, Time: 00:08:27

Health: -4/52      AC: 11    Str: 21    XL:     6   Next: 88%
Magic:  0/6        EV:  5    Int: 14    God:    Uskayaw [*.....]
Gold:   188        SH: 10    Dex: 12    Spells: 5/5 levels left

rFire    . . .     SeeInvis +   r - -3 glaive (curse)
rCold    . . .     Gourm    .   m - +3 kite shield
rNeg     . . .     Faith    .   l - +0 chain mail
rPois    .         Spirit   .   (helmet unavailable)
rElec    .         Reflect  .   (no cloak)
rCorr    .         Harm     .   (no gloves)
MR       +....                  (no boots)
Stlth    ..........             (no amulet)
HPRegen  0.17/turn              j - ring of attention (curse)
MPRegen  0.10/turn              h - +3 ring of protection

@: brilliant
A: permanent stasis, dig shafts and tunnels, four strong arms, antennae 3,
blurry vision 1, clever 1, magic resistance 1
a: Dig, Shaft Self, Stomp, Renounce Religion


You were on level 4 of the Dungeon.
You worshipped Uskayaw.
Uskayaw was noncommittal.
You were very hungry.

You visited 1 branch of the dungeon, and saw 4 of its levels.

You collected 188 gold pieces.

Inventory:

Hand Weapons
 a - a +0 quarterstaff
 e - a +1 antimagic mace
 n - a +7 club
 r - a cursed -3 glaive (weapon)
Missiles
 c - 3 throwing nets (quivered)
Armour
 l - a +0 chain mail (worn)
 m - a +3 kite shield (worn)
Jewellery
 b - an uncursed ring of stealth
 h - a +3 ring of protection (right hand)
 j - a cursed ring of attention (left hand)
Wands
 f - a wand of digging (6)
 k - a wand of acid (12)
Scrolls
 i - a scroll of identify
 q - a scroll of fear
Potions
 g - a potion of might
 p - a potion of magic {unknown}
Comestibles
 d - 8 rations
 s - a chunk of flesh


   Skills:
 * Level 6.2 Fighting
 + Level 4.7 Staves
 - Level 2.0 Throwing
 - Level 2.6 Dodging


You had 5 spell levels left.
You didn't know any spells.
Your spell library was empty.

Dungeon Overview and Level Annotations

Branches:
Dungeon (4/15)             Temple (0/1) D:4

Altars:
Ashenzari
Elyvilon
Kikubaaqudgha
Ru
Uskayaw
Wu Jian


Innate Abilities, Weirdness & Mutations

You cannot be hasted, slowed, berserked, paralysed or teleported.
You can dig through walls and to a lower floor.
Your four strong arms can wield two-handed weapons with a shield.
You have a pair of large antennae on your head. (SInv)
Scrolls take you a little longer to read.
Your mind is acute. (Int +2)
You are resistant to hostile enchantments. (MR+)


Message History

Okay, then.
You closely miss the iguana.
The iguana is almost dead.
The phantom hits you but does no damage.
The orc hits you but does no damage. x2; You block the iguana's attack.
The phantom barely misses you. The orc hits you but does no damage.
You slash the iguana!
You kill the iguana!
The orc hits you but does no damage. The phantom hits you.
* * * LOW HITPOINT WARNING * * *
The orc hits you with a cursed -1 dagger.
* * * LOW HITPOINT WARNING * * *
The orc hits you but does no damage. You block the phantom's attack.
Okay, then.
Really read with blurry vision while enemies are nearby?
You are feeling very hungry.
The orc hits you but does no damage. The orc barely misses you.
You begin reading the scroll.
You continue reading the scroll.
The phantom hits you.
You die...

#.......#
#.......#
#.......#
#.......#
#.......#
#.......#
####....o).#
......W@o..#
.....#####.#
... #.....#
. #.....#
+.....#
...#....##
.........#
...#####.#
... { #.#


You could see a phantom and 2 orcs.

Vanquished Creatures
  An orc priest (D:3)
  Ijyb (D:3)
  An iguana (D:4)
  4 orc wizards
  Robin (D:3)
  2 adders
  5 worms
  2 dart slugs (D:1)
  2 leopard geckos
  8 orcs
  A ball python (D:1)
  12 bats
  2 giant cockroaches (D:2)
  15 goblins
  5 hobgoblins
  15 jackals
  3 quokkas
  2 frilled lizards
  A jackal skeleton (D:4)
  12 kobolds
  7 rats
102 creatures vanquished.

Notes
Turn   | Place    | Note
-------+----------+-------------------------------------------
     0 | D:1      | wolfsongas the Formicid Gladiator began the quest for the
                  | Orb.
     0 | D:1      | Reached XP level 1. HP: 16/16 MP: 1/1
     3 | D:1      | Noticed an electric eel
     3 | D:1      | Noticed an electric eel
    82 | D:1      | Reached XP level 2. HP: 16/23 MP: 2/2
   211 | D:1      | Reached skill level 3 in Fighting
   401 | D:1      | Reached XP level 3. HP: 27/29 MP: 3/3
   977 | D:2      | Reached XP level 4. HP: 35/37 MP: 4/4
   980 | D:2      | Reached skill level 4 in Fighting
  1200 | D:2      | Found a faded altar of an unknown god.
  1233 | D:2      | Became a worshipper of Uskayaw the Reveler
  1233 | D:2      | Reached * piety under Uskayaw
  1357 | D:2      | Reached ** piety under Uskayaw
  1790 | D:2      | Gained mutation: You expend magic power (3 MP) to
                  | strengthen your wands. [potion of mutation]
  1790 | D:2      | Gained mutation: You are somewhat resistant to further
                  | mutation. [potion of mutation]
  1791 | D:2      | Lost mutation: You expend magic power (3 MP) to strengthen
                  | your wands. [potion of mutation]
  1791 | D:2      | Lost mutation: You are somewhat resistant to further
                  | mutation. [potion of mutation]
  1791 | D:2      | Gained mutation: Scrolls take you a little longer to read.
                  | [potion of mutation]
  1791 | D:2      | Gained mutation: You are resistant to hostile enchantments.
                  | (MR+) [potion of mutation]
  1791 | D:2      | Gained mutation: Your mind is acute. (Int +2) [potion of
                  | mutation]
  2188 | D:3      | Reached XP level 5. HP: 42/43 MP: 5/5
  2204 | D:3      | Noticed Ijyb
  2226 | D:3      | Killed Ijyb
  2428 | D:3      | Noticed a +0 hand axe
  2429 | D:3      | Noticed a +0 dagger
  2430 | D:3      | Found a hide-covered altar of Uskayaw.
  2469 | D:3      | Reached skill level 5 in Fighting
  2510 | D:3      | Noticed Robin
  2513 | D:3      | Killed Robin
  2708 | D:3      | Reached XP level 6. HP: 51/51 MP: 6/6
  3298 | D:4      | Found a staircase to the Ecumenical Temple.
  3411 | D:4      | Found a sacrificial altar of Ru.
  3411 | D:4      | Found an ornate altar of the Wu Jian Council.
  3416 | D:4      | Found a shattered altar of Ashenzari.
  3418 | D:4      | Found a white marble altar of Elyvilon.
  3420 | D:4      | Found an ancient bone altar of Kikubaaqudgha.
  3494 | D:4      | Noticed a phantom
  3500 | D:4      | Reached skill level 6 in Fighting
  3513 | D:4      | HP: 1/52 [orc/cursed -1 dagger (3)]
  3515 | D:4      | Slain by a phantom

Levels and vault maps discovered:
D:1:      arrival_aquarium_b, layout_rooms
D:2:      layout_loops_cross, first_ration, chequers_ecumenical_altar_island,
          minmay_fractal_squares_5
D:3:      layout_basic, dancing_weapons_uskayaw, hangedman_decor_growths,
          uniq_robin, uniq_ijyb
D:4:      layout_basic, chequers_temple_overflow_minitemple,
          minmay_temple_entry_junction, portal_sewer_entry_f, uniq_grinder

Skill      XL: |  1  2  3  4  5  6 |
---------------+-------------------+-----
Fighting       | 3 4 5 6 |  6.2
Staves         | 4 |  4.7
Throwing       | |  2.0
Dodging        | |  2.6

Action                   |  1- 3 |  4- 6 || total
-------------------------+-------+-------++-------
Melee: Quarterstaff      |   101 |   251 ||   352
       Glaive            |       |    19 ||    19
Invok: Stomp             |       |     2 ||     2
       Line Pass         |       |     2 ||     2
 Abil: Dig               |     1 |       ||     1
  Use: Scroll            |     2 |     7 ||     9
       Potion            |       |     7 ||     7
 Stab: Confused          |       |     1 ||     1
  Eat: Chunk             |       |     9 ||     9
Armor: Leather armour    |    53 |    25 ||    78
       Chain mail        |       |   129 ||   129
Dodge: Dodged            |   100 |    72 ||   172
Block: Kite shield       |       |   152 ||   152

Table legend:
 A = Non-vault XP
 B = Vault XP
 C = Vault XP percentage of total XP
 D = Non-vault monster count
 E = Vault monster count
 F = Vault count percentage of total count
                 A         B        C        D         E       F
            +---------+---------+-------+---------+---------+-------
      Total |     400 |      91 |  18.5 |      82 |      20 |  19.6
            +---------+---------+-------+---------+---------+-------
        D:1 |      47 |       0 |   0.0 |      24 |       0 |   0.0
        D:2 |      41 |      23 |  35.9 |      18 |       7 |  28.0
        D:3 |     175 |      68 |  28.0 |      32 |      13 |  28.9
        D:4 |     137 |       0 |   0.0 |       8 |       0 |   0.0
            +---------+---------+-------+---------+---------+-------
